 Dungeon Crawl Stone Soup version 0.29-a0-613-gf2c431b9b9 (webtiles) character file.

Game seed: 9173776624291765305

168 Hubjo the Insei (level 5, -9/41 HPs)
             Began as a Demonspawn Transmuter on June 16, 2022.
             Was a Believer of Fedhas.
             Mangled by Sigmund
             ... wielding a +0 scythe
              (13 damage)
             ... on level 3 of the Dungeon.
             The game lasted 00:04:15 (3164 turns).

Hubjo the Insei (Demonspawn Transmuter)             Turns: 3164, Time: 00:04:16

Health: -9/41      AC:  2    Str:  8 (10) XL:     5   Next: 23%
Magic:  8/8        EV: 12    Int: 14 (15) God:    Fedhas [**....]
Gold:   82         SH:  0    Dex: 13 (15) Spells: 8/9 levels left

rFire   . . .      SeeInvis .     - Unarmed
rCold   . . .      Faith    .   (no shield)
rNeg    . . .      Spirit   .   a - +0 robe
rPois   .          Reflect  .   (no helmet)
rElec   .          Harm     .   (no cloak)
rCorr   .          Rampage  .   (no gloves)
Will    .....                   (no boots)
Stlth   ++........              (no amulet)
HPRegen 0.13/turn               (no ring)
MPRegen 0.11/turn               (no ring)

@: brilliant
A: claws 1, powered by pain 2, spiny 1
a: Renounce Religion, Wall of Briars


You were on level 3 of the Dungeon.
You worshipped Fedhas.
Fedhas was pleased with you.
You visited 1 branch of the dungeon, and saw 3 of its levels.

You collected 82 gold pieces.

Inventory:

Armour
 a - a +0 robe (worn)
Scrolls
 b - a scroll of identify {unknown}
 c - a scroll of fog {unknown}
 g - a scroll of amnesia {unknown}
 i - a scroll of silence {unknown}
 j - a scroll of teleportation {unknown}
 k - a scroll of magic mapping {unknown}
Potions
 d - a potion of curing {unknown}
 f - a potion of lignification


   Skills:
 * Level 3.1 Fighting
 - Level 1.7 Dodging
 + Level 1.8 Stealth
 + Level 3.3 Unarmed Combat
 + Level 2.6 Spellcasting
 + Level 2.5 Transmutations


You had 8 spell levels left.
You knew the following spells:

 Your Spells              Type           Power      Damage    Failure   Level
a - Beastly Appendage     Tmut           26%        N/A       8%          1

Your spell library contained the following spells:

 Spells                   Type           Power      Damage    Failure   Level
 Wereblood                Tmut           13%        N/A       12%         2
 Spider Form              Tmut/Pois      8%         N/A       38%         3
 Dazzling Flash           Conj/Hex       4%         N/A       56%         3
 Ice Form                 Ice/Tmut       8%         N/A       80%         4
 Agony                    Necr           2%         N/A       99%         5
 Silence                  Hex/Air        1%         N/A       99%         5


Dungeon Overview and Level Annotations

Branches:
Dungeon (2/15)

Altars:
Fedhas

Annotations:
D:3 Sigmund


Innate Abilities, Weirdness & Mutations

You have sharp fingernails.
You sometimes gain power by taking damage.
You are partially covered in sharp spines.


Message History

You closely miss the orc. The orc is struck by your spines.
The orc hits you with a +0 club. The orc is struck by your spines.
The orc hits you with a +1 flail of holy wrath.
You convulse.
You scratch the orc.
You kill the orc!
Fedhas appreciates your contribution to the ecosystem.
The orc is struck by your spines. The orc barely misses you.
Something hits you.
An orc comes into view. It is wielding a +0 mace.
Your horns disappear.
Your talons disappear.
The orc shouts!
A frilled lizard comes into view.
The orc is struck by your spines.
You kill the orc!
Fedhas appreciates your contribution to the ecosystem.
A frilled lizard comes into view.
You hear some strange, mumbled words.
A puff of flame appears from out of thin air!
The puff of flame hits you.
The orc moves out of view.
An orc comes into view. It is wielding a +0 flail.
Things that are here:
a +0 club; a +0 leather armour; a +0 whip The frilled lizard hisses angrily. x2
You scratch the dart slug.
The dart slug is heavily wounded.
You hear a shout! x4
Something hits you!
* * * LOW HITPOINT WARNING * * *
The dart slug misses you.
A dart slug comes into view.
You hear an angry hiss.
It was a potion of brilliance.
You feel clever all of a sudden.
It was a potion of degeneration.
There was something very wrong with that liquid.
You feel weakened.
You feel dopey.
You feel clumsy. Something hits you!
You die...
Fedhas appreciates your contribution to the ecosystem.

#.......
#######.....####
##......
........#####
..|...
###.###.....#
...... #.##.....
...... #
###.###.#.. ..##
###.#...#.# #
..# #....)....#
..##..#w)..#
#.#..#@..#
#.#.#..{..#
##....:#l.#
###.o. ..# ...#.
..# ##.#o. #.#
.# .# .. .# .w
..#


You could see 2 dart slugs, 2 orcs and a frilled lizard.

Vanquished Creatures
  A scorpion (D:2)
  3 adders
  2 worms
  3 dart slugs
  7 orcs (D:3)
  6 endoplasms
  3 giant cockroaches
  6 goblins
  3 hobgoblins
  4 jackals (D:1)
  4 kobolds
  A quokka (D:1)
  4 ball pythons
  4 bats
  4 frilled lizards
  10 rats
65 creatures vanquished.

Vanquished Creatures (collateral kills)
  An endoplasm (D:3)
  A kobold (D:3)
2 creatures vanquished.

Grand Total: 67 creatures vanquished

Notes
Turn   | Place    | Note
-------+----------+-------------------------------------------
     0 | D:1      | Hubjo the Demonspawn Transmuter began the quest for the
                  | Orb.
     0 | D:1      | Reached XP level 1. HP: 15/15 MP: 3/3
    66 | D:1      | Found a faded altar of an unknown god.
   351 | D:1      | Gained mutation: You sometimes gain a little power by
                  | taking damage. [demonic ancestry]
   351 | D:1      | Reached XP level 2. HP: 21/21 MP: 3/5
   355 | D:1      | Prayed at the altar of an unknown god.
   355 | D:1      | Became a worshipper of Fedhas Madash
   355 | D:1      | Reached * piety under Fedhas
  1184 | D:1      | Reached skill level 1 in Stealth
  1281 | D:1      | Gained mutation: You are partially covered in sharp spines.
                  | [demonic ancestry]
  1281 | D:1      | Reached XP level 3. HP: 26/27 MP: 3/6
  1758 | D:2      | Reached ** piety under Fedhas
  2227 | D:2      | Noticed a scorpion
  2233 | D:2      | Killed a scorpion
  2234 | D:2      | Gained mutation: You have sharp fingernails. [demonic
                  | ancestry]
  2234 | D:2      | Reached XP level 4. HP: 17/34 MP: 5/7
  2575 | D:2      | You fall into a shaft and drop 1 floor!
  2928 | D:3      | Gained mutation: You sometimes gain power by taking damage.
                  | [demonic ancestry]
  2928 | D:3      | Reached XP level 5. HP: 28/40 MP: 4/8
  3152 | D:3      | Noticed Sigmund
  3164 | D:3      | Mangled by Sigmund

Illustrated notes

Levels and vault maps discovered:
D:1:      onia_arrival_mini_maze_b, layout_loops_ring, basic_ecumenical_altar
D:2:      layout_basic
D:3:      minmay_evil_eye, layout_rooms, minmay_increasing_density, uniq_sigmund

Skill      XL: |  1  2  3  4  5 |
---------------+----------------+-----
Transmutations | 2 |  2.5
Stealth        | 1 |  1.8
Fighting       | 2 3 |  3.1
Unarmed Combat | 3 |  3.3
Dodging        | |  1.7
Spellcasting   | |  2.6

Action                   |  1- 3 |  4- 6 || total
-------------------------+-------+-------++-------
Melee: Unarmed           |   114 |    43 ||   157
       Headbutt          |    13 |     7 ||    20
       Kick              |    18 |    10 ||    28
       Punch             |     1 |     2 ||     3
 Cast: Beastly Appendage |    24 |    11 ||    35
Invok: Wall of Briars    |       |     1 ||     1
  Use: Potion            |     1 |     2 ||     3
 Stab: Sleeping          |     4 |       ||     4
Armor: Skin              |     5 |       ||     5
       Robe              |    24 |     5 ||    29
Dodge: Dodged            |    71 |    19 ||    90

Table legend: (Time is in decaauts)
 A = Elapsed time spent in this place.
 B = Non-inter-level travel time spent in this place.
 C = Inter-level travel time spent in this place.
 D = Time resting spent in this place.
 E = Time spent auto-exploring this place.
 F = Levels seen in this place.
 G = Mean time per level.
                   A        B        C        D        E       F      G
               +--------+--------+--------+--------+--------+-----+--------+
         Total |   3156 |   3017 |    139 |      0 |   2636 |   3 | 1052.0 |
       Dungeon |   3156 |   3017 |    139 |      0 |   2636 |   3 | 1052.0 |
               +--------+--------+--------+--------+--------+-----+--------+

Top non-repeatable levels by time:
     D:1: 1638 daAuts
     D:2: 930 daAuts
     D:3: 587 daAuts
